General information
			
			
        
        - name: GRUDGE
 
        - type: Custom game
 
        - host: BEAR_AND
 
        - saver: BEAR_AND
 
        
map: TerenasStand 
        - players: 7
 
        - length: 15:17
 
        - speed: Fast
 - version: 1.21 W3XP
 - replay type:  

 
» download(57 KB)
Players
        team 1 (winner) 
              
              
» 
iggy_the_fisk (
red | 124 APM | 1891 actions | 15:17)
              
 4 Archmage 
 2 Summon Water Elemental
 2 Brilliance Aura
 3 Mountain King 
 2 Storm Bolt
 1 Bash
 
                » actions 
                
                | Assign group hotkey | 202 |  | 
| Basic commands | 27 |  | 
| Build / train | 48 |  | 
| Enter build submenu | 18 |  | 
| Enter hero's abilities submenu | 7 |  | 
| Give item / drop item | 2 |  | 
| Remove unit from queue | 2 |  | 
| Right click | 948 |  | 
| Select / deselect | 287 |  | 
| Select group hotkey | 250 |  | 
| Use ability | 100 |  | 
                1891 total
 » units 
                
                | Peasant | 8 |  | 
| Footman | 8 |  | 
| Sorceress | 2 |  | 
| Priest | 4 |  | 
| Spell Breaker | 8 |  | 
                30 total
 » buildings
                
                | Altar of Kings | 1 |  | 
| Barracks | 1 |  | 
| Farm | 10 |  | 
| Keep | 1 |  | 
| Scout Tower | 1 |  | 
| Arcane Vault | 1 |  | 
| Arcane Tower | 1 |  | 
| Arcane Sanctum | 2 |  | 
                18 total
 » build order
                00:03 Altar of Kings
00:19 Barracks
00:24 Farm
00:56 Farm
01:45 Farm
03:00 Keep
03:13 Scout Tower
03:25 Farm
04:53 Arcane Vault
04:53 Arcane Tower
05:23 Arcane Sanctum
05:25 Arcane Sanctum
06:10 Farm
06:11 Farm
07:46 Farm
08:16 Farm
11:14 Farm
14:56 Farm
» items
                 
               team 2 (loser) 
              
              
Devge (
blue | 89 APM | 1362 actions | 15:17)
              
 2 Mountain King 
 1 Storm Bolt
 1 Thunder Clap
 1 Paladin 
 1 Holy Light
 
                » actions 
                
                | Assign group hotkey | 22 |  | 
| Basic commands | 21 |  | 
| Build / train | 35 |  | 
| Enter build submenu | 13 |  | 
| Enter hero's abilities submenu | 3 |  | 
| Right click | 649 |  | 
| Select / deselect | 303 |  | 
| Select group hotkey | 282 |  | 
| Use ability | 34 |  | 
                1362 total
 » units 
                
                | Peasant | 6 |  | 
| Footman | 9 |  | 
| Sorceress | 1 |  | 
| Priest | 1 |  | 
| Spell Breaker | 5 |  | 
                22 total
 » buildings
                
                | Altar of Kings | 1 |  | 
| Farm | 6 |  | 
| Barracks | 1 |  | 
| Scout Tower | 1 |  | 
| Arcane Tower | 1 |  | 
| Keep | 1 |  | 
| Arcane Vault | 2 |  | 
| Arcane Sanctum | 2 |  | 
| Castle | 1 |  | 
                16 total
 » build order
                00:07 Altar of Kings
00:19 Farm
00:33 Barracks
00:47 Farm
01:33 Scout Tower
01:54 Farm
02:03 Arcane Tower
03:11 Keep
04:50 Farm
05:07 Arcane Vault
05:09 Arcane Vault
06:01 Arcane Sanctum
06:08 Arcane Sanctum
06:44 Farm
08:27 Farm
09:08 Castle
» items
                
                | Scroll of Regeneration | 1 |  | 
| Scroll of Protection | 1 |  | 
| Scroll of Healing | 1 |  | 
| Potion of Healing | 2 |  | 
                5 total
  
               observersBEAR_AND, 
Gobiner, 
thundercatsHOOO, 
tech.datsick, 
TIMG4STRok Chat log
          
(01:22 / Observers) TIMG4STRok: shit base
(01:27 / Observers) BEAR_AND: look @ that layout
(01:29 / Observers) BEAR_AND: horrible
(01:35 / Observers) BEAR_AND: you guys all that bad?
(01:37 / Observers) BEAR_AND: honestly
(02:56 / Observers) BEAR_AND: woW
(02:56 / Observers) BEAR_AND: WOW
(02:59 / Observers) BEAR_AND: STORM BOLT CREEPS
(03:01 / Observers) BEAR_AND: WOW!
(04:52 / Observers) BEAR_AND: this
(04:54 / Observers) BEAR_AND: aint 
(04:55 / Observers) BEAR_AND: dota
(04:56 / Observers) BEAR_AND: bitch
(05:09 / Observers) BEAR_AND: what the fUCK is his base
(06:41 / Observers) BEAR_AND: wow blue
(06:44 / Observers) BEAR_AND: thanks for leaving that
(06:48 / Observers) BEAR_AND: i appreciate
(07:14 / Observers) BEAR_AND: nice unfinished vault
(07:14 / Observers) BEAR_AND: ?
(07:15 / Observers) BEAR_AND: ?
(07:15 / Observers) BEAR_AND: ?
(07:15 / Observers) BEAR_AND: ?
(09:22 / Observers) BEAR_AND: wow noob
(09:24 / Observers) BEAR_AND: creeping geos
(09:29 / Observers) BEAR_AND: are you wts filth even here????
(10:14 / Observers) BEAR_AND: tpo
(10:15 / Observers) BEAR_AND: tp
(10:16 / Observers) BEAR_AND: pt
(10:16 / Observers) BEAR_AND: pt
(10:17 / Observers) BEAR_AND: pt
(10:17 / Observers) BEAR_AND: tp
(10:32 / Observers) BEAR_AND: wowowowowowo
(10:32 / Observers) BEAR_AND: owo
(10:33 / Observers) BEAR_AND: w
(10:33 / Observers) BEAR_AND: o
(10:33 / Observers) BEAR_AND: w
(10:34 / Observers) BEAR_AND: wo
(10:34 / Observers) BEAR_AND: owo
(10:34 / Observers) BEAR_AND: owowo
(10:35 / Observers) BEAR_AND: w
(10:35 / Observers) BEAR_AND: w
(10:36 / Observers) BEAR_AND: pala
(10:42 / Observers) BEAR_AND: L:MAO
(10:43 / Observers) BEAR_AND: LMAO
(10:44 / Observers) BEAR_AND: LMAO
(10:45 / Observers) BEAR_AND: LMFAO
(10:47 / Observers) BEAR_AND: NOOBS!
(10:49 / Observers) BEAR_AND: your clan is horrible
(10:54 / Observers) BEAR_AND: god
(10:58 / Observers) BEAR_AND: http://highper.ch/ for all replays
(11:02 / Observers) BEAR_AND: of wts losing to towa
(11:08 / Observers) BEAR_AND: LEAVE
(11:08 / Observers) BEAR_AND: GG
(11:10 / Observers) BEAR_AND: LEAVE
(11:10 / Observers) BEAR_AND: G
(11:25 / Observers) BEAR_AND: 59 food
(11:25 / Observers) BEAR_AND: to
(11:26 / Observers) BEAR_AND: 20
(11:27 / Observers) BEAR_AND: leave
(11:27 / Observers) BEAR_AND: leave
(11:28 / Observers) BEAR_AND: leave
(11:29 / Observers) BEAR_AND: leave
(11:29 / Observers) Gobiner: wts noobs owned twice
(11:30 / Observers) BEAR_AND: leave
(11:30 / Observers) Gobiner: in a row
(11:31 / Observers) BEAR_AND: leave
(11:32 / Observers) BEAR_AND: leave
(11:32 / Observers) BEAR_AND: leave
(11:33 / Observers) BEAR_AND: leave
(11:34 / Observers) BEAR_AND: leave
(11:35 / Observers) BEAR_AND: leave
(11:35 / Observers) BEAR_AND: leave
(11:36 / Observers) BEAR_AND: leave
(11:37 / Observers) BEAR_AND: all of you
(11:38 / Observers) BEAR_AND: leave
(11:39 / Observers) BEAR_AND: leave
(11:40 / Observers) BEAR_AND: leave
(11:40 / Observers) BEAR_AND: leave
(11:41 / Observers) TIMG4STRok: leave
(11:41 / Observers) BEAR_AND: VENT HACK
(11:42 / Observers) TIMG4STRok: bow
(11:42 / Observers) TIMG4STRok: bow
(11:43 / Observers) BEAR_AND: HACK
(11:43 / Observers) TIMG4STRok: boiwo
(11:44 / Observers) BEAR_AND: VENT
(11:44 / Observers) BEAR_AND: HACK
(11:45 / Observers) TIMG4STRok: bow
(11:45 / Observers) BEAR_AND: ?
(11:45 / Observers) BEAR_AND: ?
(11:46 / Observers) TIMG4STRok: bow
(11:46 / Observers) BEAR_AND: ?
(11:46 / Observers) BEAR_AND: ?
(11:46 / Observers) BEAR_AND: ?
(11:47 / Observers) TIMG4STRok: bow
(11:47 / Observers) BEAR_AND: ?
(11:47 / Observers) TIMG4STRok: bow
(11:48 / Observers) BEAR_AND: LMAO
(11:49 / Observers) TIMG4STRok: bow
(11:49 / Observers) BEAR_AND: YOU LOSE
(11:50 / Observers) TIMG4STRok: bow
(11:50 / Observers) TIMG4STRok: bow
(11:51 / Observers) BEAR_AND: WITH VENT HACK
(11:51 / Observers) TIMG4STRok: bow
(11:51 / Observers) TIMG4STRok: bow
(11:52 / Observers) BEAR_AND: YOU LOSE
(11:52 / Observers) TIMG4STRok: bow
(11:53 / Observers) BEAR_AND: WITH VENT HACK
(11:54 / Observers) TIMG4STRok: bow
(11:54 / Observers) BEAR_AND: YOU LOSE
(11:55 / Observers) TIMG4STRok: bow
(11:55 / All) iggy_the_fisk: I think he'll talk a lot
(11:55 / Observers) BEAR_AND: WITH HACK
(11:56 / Observers) TIMG4STRok: bow
(11:56 / All) iggy_the_fisk: from now on
(11:57 / Observers) TIMG4STRok: bow
(11:57 / Observers) BEAR_AND: YOU LOSE
(11:57 / Observers) TIMG4STRok: bow
(11:58 / Observers) TIMG4STRok: bow
(11:58 / Observers) BEAR_AND: WITH
(11:59 / Observers) TIMG4STRok: bow
(11:59 / Observers) BEAR_AND: VENT
(11:59 / Observers) TIMG4STRok: bow
(12:00 / Observers) BEAR_AND: HACK
(12:00 / Observers) TIMG4STRok: b
(12:00 / Observers) TIMG4STRok: b
(12:01 / Observers) TIMG4STRok: b
(12:01 / Observers) TIMG4STRok: b
(12:01 / Observers) TIMG4STRok: bb
(12:02 / Observers) TIMG4STRok: b
(12:02 / Observers) TIMG4STRok: b
(12:03 / Observers) BEAR_AND: LMAO
(12:03 / Observers) BEAR_AND: D
(12:03 / Observers) BEAR_AND: D
(12:04 / Observers) BEAR_AND: G
(12:04 / Observers) BEAR_AND: G
(12:04 / Observers) BEAR_AND: G
(12:05 / Observers) BEAR_AND: G
(12:05 / Observers) TIMG4STRok: g
(12:05 / Observers) BEAR_AND: G
(12:05 / Observers) BEAR_AND: G
(12:06 / Observers) BEAR_AND: G
(12:06 / Observers) BEAR_AND: G
(12:06 / Observers) BEAR_AND: G
(12:07 / Observers) BEAR_AND: G
(12:07 / Observers) BEAR_AND: G
(12:07 / Observers) BEAR_AND: G
(12:08 / Observers) BEAR_AND: G
(12:08 / Observers) BEAR_AND: G
(12:08 / Observers) TIMG4STRok: g
(12:09 / Observers) BEAR_AND: G
(12:09 / Observers) BEAR_AND: G
(12:09 / Observers) BEAR_AND: G
(12:10 / Observers) Gobiner: 2ez
(12:10 / Observers) BEAR_AND: G
(12:10 / Observers) BEAR_AND: G
(12:11 / Observers) BEAR_AND: G
(12:11 / Observers) BEAR_AND: G
(12:12 / Observers) BEAR_AND: G
(12:12 / Observers) BEAR_AND: G
(12:12 / Observers) BEAR_AND: G
(12:13 / Observers) BEAR_AND: G
(12:13 / Observers) BEAR_AND: G
(12:13 / Observers) BEAR_AND: G
(12:14 / Observers) TIMG4STRok: g
(12:14 / Observers) BEAR_AND: G
(12:15 / Observers) BEAR_AND: G
(12:15 / Observers) BEAR_AND: G
(12:15 / Observers) TIMG4STRok: g
(12:15 / Observers) BEAR_AND: G
(12:16 / Observers) BEAR_AND: G
(12:16 / Observers) BEAR_AND: G
(12:17 / Observers) BEAR_AND: G
(12:17 / Observers) BEAR_AND: G
(12:17 / Observers) BEAR_AND: G
(12:18 / Observers) BEAR_AND: G
(12:18 / Observers) BEAR_AND: G
(12:18 / All) iggy_the_fisk: clan towa beat clan wts
(12:19 / Observers) BEAR_AND: G
(12:19 / Observers) TIMG4STRok: g
(12:19 / Observers) BEAR_AND: G
(12:19 / Observers) BEAR_AND: G
(12:20 / Observers) BEAR_AND: G
(12:20 / Observers) BEAR_AND: G
(12:21 / Observers) BEAR_AND: G
(12:21 / Observers) TIMG4STRok: g
(12:21 / Observers) BEAR_AND: G
(12:21 / Observers) BEAR_AND: G
(12:22 / Observers) BEAR_AND: G
(12:22 / Observers) TIMG4STRok: g
(12:22 / Observers) BEAR_AND: G
(12:23 / Observers) BEAR_AND: G
(12:23 / Observers) BEAR_AND: G
(12:24 / Observers) BEAR_AND: G
(12:24 / Observers) TIMG4STRok: g
(12:24 / Observers) BEAR_AND: G
(12:24 / Observers) BEAR_AND: G
(12:25 / Observers) BEAR_AND: G
(12:25 / Observers) TIMG4STRok: gg
(12:25 / Observers) BEAR_AND: G
(12:26 / Observers) BEAR_AND: G
(12:27 / Observers) TIMG4STRok: g
(12:28 / Observers) TIMG4STRok: g
(12:28 / Observers) TIMG4STRok: g
(12:29 / Observers) TIMG4STRok: g
(12:30 / Observers) TIMG4STRok: g
(12:31 / Observers) BEAR_AND: H
(12:31 / Observers) TIMG4STRok: g
(12:32 / Observers) BEAR_AND: G
(12:32 / Observers) BEAR_AND: G
(12:32 / All) Devge: i guess i represent my clan
(12:32 / Observers) BEAR_AND: G
(12:33 / Observers) BEAR_AND: G
(12:33 / Observers) BEAR_AND: G
(12:33 / Observers) BEAR_AND: G
(12:34 / Observers) BEAR_AND: G
(12:34 / Observers) TIMG4STRok: g
(12:34 / Observers) BEAR_AND: G
(12:35 / Observers) BEAR_AND: G
(12:35 / Observers) TIMG4STRok: g
(12:35 / Observers) BEAR_AND: G
(12:36 / Observers) BEAR_AND: G
(12:36 / Observers) TIMG4STRok: g
(12:36 / Observers) BEAR_AND: G
(12:36 / Observers) BEAR_AND: G
(12:37 / Observers) BEAR_AND: G
(12:37 / Observers) BEAR_AND: G
(12:38 / Observers) BEAR_AND: G
(12:38 / Observers) BEAR_AND: G
(12:39 / Observers) BEAR_AND: G
(12:39 / Observers) BEAR_AND: GG
(12:39 / Observers) TIMG4STRok: gg
(12:40 / Observers) TIMG4STRok: gg
(12:40 / Observers) TIMG4STRok: gg
(12:41 / Observers) BEAR_AND: LEAVE NOOBS
(12:41 / Observers) TIMG4STRok: gg
(12:42 / Observers) TIMG4STRok: gg
(12:43 / Observers) TIMG4STRok: gg
(12:44 / Observers) TIMG4STRok: g
(12:45 / Observers) BEAR_AND: VENT HACK CAN'T EVEN SAVE
(12:45 / Observers) TIMG4STRok: g
(12:46 / Observers) TIMG4STRok: g
(12:47 / Observers) BEAR_AND: YOUR SHIT CLAN
(12:48 / Observers) BEAR_AND: LMAO
(12:48 / Observers) TIMG4STRok: g
(12:49 / Observers) TIMG4STRok: g
(12:49 / Observers) BEAR_AND: LFMFAIO
(12:50 / Observers) BEAR_AND: LMFAO
(12:50 / Observers) TIMG4STRok: g
(12:51 / Observers) BEAR_AND: LMAO
(12:52 / Observers) TIMG4STRok: g
(12:52 / Observers) TIMG4STRok: g
(12:52 / Observers) BEAR_AND: LMAO
(12:54 / Observers) TIMG4STRok: LMFAO
(12:54 / Observers) TIMG4STRok: LMFAO
(12:56 / Observers) TIMG4STRok: LMFAO
(12:56 / Observers) TIMG4STRok: LMFAO
(12:57 / Observers) TIMG4STRok: LMFAO
(12:59 / Observers) TIMG4STRok: AOMF
(12:59 / Observers) TIMG4STRok: FLMA
(13:00 / Observers) TIMG4STRok: ML
(13:01 / Observers) TIMG4STRok: LOL
(13:02 / Observers) BEAR_AND: GO
(13:03 / Observers) TIMG4STRok: LOL
(13:04 / Observers) TIMG4STRok: LOL
(13:05 / Observers) TIMG4STRok: LO
(13:06 / Observers) TIMG4STRok: OL
(13:07 / Observers) BEAR_AND: LLEAVE MY PRESENCE
(13:08 / Observers) BEAR_AND: LEAVE
(13:09 / Observers) BEAR_AND: MY
(13:10 / Observers) BEAR_AND: PRESENCE
(13:11 / Observers) BEAR_AND: LEAVE IT
(13:12 / Observers) TIMG4STRok: BOW
(13:12 / Observers) BEAR_AND: GO
(13:13 / Observers) BEAR_AND: BEGINE
(13:13 / Observers) TIMG4STRok: KISS MY FEET
(13:14 / Observers) TIMG4STRok: LEAVE
(13:15 / Observers) BEAR_AND: BEGONE
(13:15 / Observers) TIMG4STRok: GO
(13:17 / Observers) TIMG4STRok: BYE
(13:18 / Observers) TIMG4STRok: LEABVE
(13:19 / Observers) TIMG4STRok: BOW
(13:20 / Observers) TIMG4STRok: BOW
(13:21 / Observers) TIMG4STRok: BOW
(13:21 / Observers) TIMG4STRok: BOW
(13:22 / Observers) TIMG4STRok: BOW
(13:22 / Observers) TIMG4STRok: BOW
(13:23 / Observers) TIMG4STRok: BOW
(13:24 / Observers) TIMG4STRok: BOW
(13:24 / Observers) TIMG4STRok: BOW
(13:25 / Observers) TIMG4STRok: BOW
(13:25 / Observers) TIMG4STRok: BOW
(13:26 / Observers) TIMG4STRok: BOW
(13:33 / All) Devge: lol tricaster nub
(13:34 / Observers) BEAR_AND: QUIT
(13:35 / Observers) BEAR_AND: QUIT
(13:36 / Observers) BEAR_AND: QUIT
(13:36 / Observers) BEAR_AND: QUIT
(13:37 / Observers) BEAR_AND: QUIT
(13:38 / Observers) BEAR_AND: QUIT
(13:39 / Observers) BEAR_AND: QUIT
(13:41 / Observers) TIMG4STRok: leave
(13:41 / Observers) TIMG4STRok: now
(13:42 / Observers) BEAR_AND: LMAO TELL HIM ON VENT
(13:42 / Observers) TIMG4STRok: go
(13:43 / Observers) TIMG4STRok: begone
(13:44 / Observers) TIMG4STRok: vanish
(13:44 / Observers) BEAR_AND: THAT HE MADE SAME UNITS
(13:45 / Observers) TIMG4STRok: leave
(13:46 / Observers) BEAR_AND: AHAHAHHAHAHA
(13:46 / Observers) BEAR_AND: HA
(13:46 / Observers) TIMG4STRok: ciao
(13:46 / Observers) BEAR_AND: AH
(13:47 / Observers) BEAR_AND: HAHA
(13:47 / Observers) BEAR_AND: AH
(13:47 / Observers) TIMG4STRok: adios
(13:48 / Observers) BEAR_AND: HAHAH
(13:48 / Observers) BEAR_AND: AHAH
(13:49 / Observers) BEAR_AND: HA
(13:50 / Observers) BEAR_AND: AH
(13:50 / Observers) BEAR_AND: H
(13:50 / Observers) TIMG4STRok: A
(13:50 / Observers) TIMG4STRok: AH
(13:51 / Observers) TIMG4STRok: HA
(13:51 / Observers) BEAR_AND: NOOBS
(13:51 / Observers) TIMG4STRok: HA
(13:52 / Observers) BEAR_AND: NO
(13:52 / Observers) TIMG4STRok: HAH
(13:52 / Observers) TIMG4STRok: AH
(13:53 / Observers) TIMG4STRok: HA
(13:53 / Observers) TIMG4STRok: AH
(13:53 / Observers) BEAR_AND: OO
(13:54 / Observers) TIMG4STRok: HA
(13:54 / Observers) Gobiner: AH
(13:55 / Observers) Gobiner: AH
(13:55 / Observers) TIMG4STRok: HA
(13:55 / Observers) Gobiner: AH
(13:55 / Observers) BEAR_AND: OOOOOOOOOOOOOOOO
(13:56 / Observers) Gobiner: AH
(13:56 / Observers) Gobiner: AH
(13:56 / Observers) BEAR_AND: BS
(13:57 / Observers) BEAR_AND: HAH
(13:57 / Observers) BEAR_AND: AH
(13:57 / Observers) BEAR_AND: AHH
(13:58 / Observers) BEAR_AND: A
(13:58 / Observers) TIMG4STRok: ROFL
(13:58 / Observers) Gobiner: HA
(13:58 / Observers) BEAR_AND: AHAH
(13:59 / Observers) BEAR_AND: AH
(13:59 / Observers) BEAR_AND: AH
(13:59 / Observers) BEAR_AND: A
(14:00 / Observers) TIMG4STRok: LMAO
(14:00 / Observers) Gobiner: HA
(14:00 / Observers) BEAR_AND: AHAH
(14:00 / Observers) Gobiner: HAH
(14:01 / Observers) BEAR_AND: AH
(14:01 / Observers) BEAR_AND: AH
(14:01 / Observers) BEAR_AND: AH
(14:02 / Observers) BEAR_AND: HA
(14:02 / Observers) BEAR_AND: AH
(14:02 / Observers) TIMG4STRok: LMAO
(14:02 / Observers) BEAR_AND: HA
(14:03 / Observers) Gobiner: HAH
(14:03 / Observers) TIMG4STRok: LMAO
(14:03 / Observers) BEAR_AND: HH
(14:03 / Observers) Gobiner: HA
(14:04 / Observers) BEAR_AND: HA
(14:04 / Observers) BEAR_AND: HA
(14:04 / Observers) TIMG4STRok: LMAO
(14:04 / Observers) Gobiner: H
(14:05 / Observers) BEAR_AND: H
(14:05 / Observers) BEAR_AND: AH
(14:06 / Observers) BEAR_AND: AH
(14:06 / Observers) BEAR_AND: AH
(14:06 / Observers) BEAR_AND: AH
(14:07 / Observers) BEAR_AND: HA
(14:07 / Observers) BEAR_AND: AHAH
(14:08 / Observers) BEAR_AND: AHA
(14:09 / Observers) BEAR_AND: HA
(14:11 / Observers) BEAR_AND: OWNED
(14:11 / Observers) TIMG4STRok: http://www.youtube.com/watch?v=9Wujsu9YUB8&feature=related
(14:11 / Observers) BEAR_AND: BY
(14:11 / Observers) TIMG4STRok: http://www.youtube.com/watch?v=9Wujsu9YUB8&feature=related
(14:12 / Observers) TIMG4STRok: http://www.youtube.com/watch?v=9Wujsu9YUB8&feature=related
(14:12 / Observers) BEAR_AND: CLAN
(14:12 / Observers) TIMG4STRok: http://www.youtube.com/watch?v=9Wujsu9YUB8&feature=related
(14:13 / Observers) BEAR_AND: TOWA
(14:14 / Observers) BEAR_AND: OWNED
(14:14 / Observers) BEAR_AND: BY
(14:14 / Observers) TIMG4STRok: http://www.youtube.com/watch?v=9Wujsu9YUB8&feature=related
(14:15 / Observers) BEAR_AND: CLAN
(14:15 / Observers) BEAR_AND: TOWA
(14:16 / Observers) BEAR_AND: OWNED
(14:17 / Observers) TIMG4STRok: http://www.youtube.com/watch?v=9Wujsu9YUB8&feature=related
(14:17 / Observers) BEAR_AND: BY
(14:18 / Observers) BEAR_AND: CLAN
(14:18 / Observers) BEAR_AND: TOWA
(14:19 / Observers) TIMG4STRok: http://www.youtube.com/watch?v=9Wujsu9YUB8&feature=related
(14:19 / Observers) BEAR_AND: OWNED
(14:20 / Observers) BEAR_AND: BY
(14:21 / Observers) BEAR_AND: CLAN
(14:21 / Observers) BEAR_AND: TOWA
(14:22 / Observers) BEAR_AND: OWNED
(14:23 / Observers) BEAR_AND: BY
(14:23 / Observers) TIMG4STRok: http://www.youtube.com/watch?v=9Wujsu9YUB8&feature=related
(14:24 / Observers) BEAR_AND: CLAN
(14:24 / Observers) BEAR_AND: TOWA
(14:25 / Observers) BEAR_AND: OWNED
(14:25 / Observers) TIMG4STRok: http://www.youtube.com/watch?v=9Wujsu9YUB8&feature=related
(14:26 / Observers) BEAR_AND: BY
(14:26 / Observers) BEAR_AND: CLAN
(14:27 / Observers) BEAR_AND: TOWA
(14:27 / Observers) TIMG4STRok: http://www.youtube.com/watch?v=9Wujsu9YUB8&feature=related
(14:28 / Observers) BEAR_AND: OWNED
(14:28 / Observers) BEAR_AND: BY
(14:29 / Observers) BEAR_AND: CLAN
(14:29 / Observers) TIMG4STRok: http://www.youtube.com/watch?v=9Wujsu9YUB8&feature=related
(14:30 / Observers) BEAR_AND: TOWA
(14:30 / Observers) BEAR_AND: NOOBS
(14:31 / Observers) BEAR_AND: NO
(14:32 / Observers) TIMG4STRok: http://www.youtube.com/watch?v=9Wujsu9YUB8&feature=related
(14:32 / Observers) BEAR_AND: O
(14:34 / Observers) TIMG4STRok: http://www.youtube.com/watch?v=9Wujsu9YUB8&feature=related
(14:34 / Observers) BEAR_AND: OOOOOOOOOOOOOOOOOOOOOO
(14:36 / Observers) BEAR_AND: OOOOOOOOOOOOOBS
(14:36 / Observers) TIMG4STRok: http://www.youtube.com/watch?v=9Wujsu9YUB8&feature=related
(14:37 / Observers) BEAR_AND: LMAO
(14:38 / Observers) TIMG4STRok: http://www.youtube.com/watch?v=9Wujsu9YUB8&feature=related
(14:38 / Observers) Gobiner: 6 ft underground
(14:40 / Observers) TIMG4STRok: http://www.youtube.com/watch?v=9Wujsu9YUB8&feature=related
(14:40 / All) iggy_the_fisk: thanks for losing to towers, thanks for losing to sorcs
(14:44 / Observers) TIMG4STRok: http://www.youtube.com/watch?v=9Wujsu9YUB8&feature=relatedhttp://www.youtube.com/watch?v=9Wujsu9YUB8&feature=related
(14:48 / Observers) TIMG4STRok: http://www.youtube.com/watch?v=9Wujsu9YUB8&feature=relatedhttp://www.youtube.com/watch?v=9Wujsu9YUB8&feature=related
(14:52 / Observers) TIMG4STRok: http://www.youtube.com/watch?v=9Wujsu9YUB8&feature=relatedhttp://www.youtube.com/watch?v=9Wujsu9YUB8&feature=related
(14:59 / Observers) TIMG4STRok: http://www.youtube.com/watch?v=9Wujsu9YUB8&feature=relatedhttp://www.youtube.com/watch?v=9Wujsu9YUB8&feature=related
(15:01 / Observers) TIMG4STRok: http://www.youtube.com/watch?v=9Wujsu9YUB8&feature=relatedhttp://www.youtube.com/watch?v=9Wujsu9YUB8&feature=related
(15:02 / Observers) Gobiner: ZPDN27 BDZW 9WPFYX HCK6 ZH4CFB
(15:05 / Observers) TIMG4STRok: http://www.youtube.com/watch?v=9Wujsu9YUB8&feature=relatedhttp://www.youtube.com/watch?v=9Wujsu9YUB8&feature=related
(15:09 / Observers) TIMG4STRok: http://www.youtube.com/watch?v=9Wujsu9YUB8&feature=relatedhttp://www.youtube.com/watch?v=9Wujsu9YUB8&feature=related
(15:11 / Observers) TIMG4STRok: http://www.youtube.com/watch?v=9Wujsu9YUB8&feature=related
(15:15 / Observers) TIMG4STRok: http://www.youtube.com/watch?v=9Wujsu9YUB8&feature=relatedhttp://www.youtube.com/watch?v=9Wujsu9YUB8&feature=related